cohdb
Replays
Latest Replays
All Replays
Popular Replays
Top Player Replays
Match Explorer
How It Works
Community
CoH3 Stats
Reddit
Sign in to upload your games and track your stats! →
Sign in with Steam
Match 45218067
Unlisted
Match 45218067
Overview
Messages
Build Orders
End
Royal Engineer Section
Construct Section Command Post
Dingo Light Scout Car
Infantry Section
Vickers Machine Gun Team
Construct Platoon Command Post
Humber Armored Car
Infantry Section
Infantry Training
6-pounder Anti-tank Gun Team
Infantry Section
NoobKobraTV
PAX AJAX
1st SubStar
감귤
0
0
Comments
sign in to comment!
No comments posted yet!